Map: Abiogênese LE

Players

IagoAbreu

  • Race: Terran Terran
  • Spawn Location: 11:00

LynaPaulina - Winner!

  • Race: Protoss Protoss
  • League: Gold
  • Spawn Location: 5:00

VOD

Have the link to the VOD?

Description

Time

  • Played on: Feb. 19, 2018, 12:22 a.m.
  • Length: 6:27
Show
View Real Time Build Order
Export as new Build Order

IagoAbreu Terran 

Build Orders: Command Center First (CC) 

Get SALT Encoding   

  12  0:02  SCV  
  13  0:14  SCV  
  13  0:18  Supply Depot  
  14  0:26  SCV  
  15  0:37  Supply Depot  
  15  0:40  SCV  
  16  0:52  SCV  
  17  1:04  SCV  
  18  1:14  Command Center  
  18  1:16  SCV  
  19  1:29  SCV  
  19  1:31  Barracks  
  20  1:41  SCV  
  20  1:45  Refinery  
  21  1:52  Refinery  
  21  1:53  SCV  
  22  2:05  SCV  
  23  2:12  Barracks  
  23  2:17  SCV  
  24  2:29  SCV, Engineering Bay  
  25  2:34  Barracks Reactor  
  25  2:41  SCV  
  26  2:49  Bunker  
  26  3:07  Bunker  
  26  3:13  Barracks Reactor  
  26  3:17  Reaper x2  
  28  3:22  Terran Infantry Weapons Level 1  
  28  3:27  Engineering Bay  
  28  3:28  SCV  
  28  3:30  SCV  
  30  3:40  SCV  
  31  3:41  Sensor Tower  
  31  3:42  SCV  
  32  3:52  SCV  
  32  3:54  SCV  
  34  3:56  Missile Turret  
  34  4:04  SCV  
  34  4:05  Missile Turret  
  34  4:07  SCV  
  36  4:13  Missile Turret  
  36  4:18  Missile Turret  
  36  4:19  SCV  
  36  4:21  Marine  
  36  4:22  Marine x3  
  37  4:32  Supply Depot  
  37  4:33  Missile Turret  
  33  4:39  Marine  
  33  4:40  Missile Turret  
  33  4:44  Marine x2  
  31  4:46  Marine  
  30  4:57  Marine  
  19  5:01  Marine  
  19  5:02  Marine  
  19  5:04  Marine  
Show
View Real Time Build Order
Export as new Build Order

LynaPaulina Protoss - Winner!

Build Orders:  

Get SALT Encoding   

  12  0:02  Probe (Chrono Boost)  
  13  0:11  Probe (Chrono Boost)  
  14  0:20  Pylon  
  14  0:23  Probe  
  15  0:38  Probe  
  15  0:41  Gateway  
  16  0:54  Probe  
  17  0:59  Assimilator  
  17  1:00  Pylon  
  17  1:06  Assimilator  
  17  1:08  Probe  
  18  1:20  Probe  
  19  1:32  Probe  
  20  1:34  Cybernetics Core  
  20  1:44  Probe  
  21  1:54  Gateway  
  21  1:56  Probe  
  22  2:05  Pylon  
  22  2:08  Warp Gate (Chrono Boost), Probe  
  23  2:16  Stalker  
  25  2:41  Gateway  
  25  2:43  Stalker  
  27  2:46  Stalker  
  29  3:02  Gateway  
  29  3:14  Stalker (Chrono Boost)  
  29  3:16  Stalker (Chrono Boost)  
  33  3:32  Stalker (Chrono Boost)  
  35  3:42  Pylon  
  35  3:44  Pylon  
  35  4:08  Stalker x3  
  35  4:09  Stalker  
  43  4:54  Stalker x2  
  43  4:55  Stalker x2  
  51  5:15  Pylon  
  51  5:22  Stalker x2  
  55  6:10  Stalker x4  
Tags
 
Add a new tag
Caveats
  • Supply blocks, unpowered buildings, or Contaminate may cause inaccurate times.
  • Supply counts are checked every 10 seconds.